 Dungeon Crawl Stone Soup version 0.31.0-10-gcf4a605ca0 (webtiles) character file.

Game seed: 6699686720190305828

39 qwertyuiopasd the Slasher (level 3, -3/33 HPs)
             Began as a Minotaur Monk on Jan 25, 2024.
             Slain by a gnoll
             ... wielding a +0 halberd
              (12 damage)
             ... on level 2 of the Dungeon.
             The game lasted 00:01:11 (508 turns).

qwertyuiopasd the Slasher (Minotaur Monk)            Turns: 508, Time: 00:01:11

Health: -3/33      AC:  2    Str: 17    XL:     3   Next: 28%
Magic:  2/2        EV: 13    Int:  7    God:
Gold:   0          SH:  0    Dex: 12    Spells: 2/2 levels left

rFire   + . .        a - +0 falchion
rCold   x . .        d - orb {light}
rNeg    . . .        b - +0 robe
rPois   .            (helmet restricted)
rElec   .            (no cloak)
rCorr   .            (no gloves)
SInv    .            (no boots)
Will    .....        (no amulet)
Stlth   +            g - ring of fire
HPRegen 0.25/turn    (no ring)
MPRegen 0.08/turn

%: no passive effects
@: glowing
A: horns 2, retaliatory headbutt
a: no special abilities


You were on level 2 of the Dungeon.
You visited 1 branch of the dungeon, and saw 2 of its levels.

Inventory:

Hand Weapons
 a - a +0 falchion (weapon)
Armour
 b - a +0 robe (worn)
 d - an orb of light (worn)
Jewellery
 g - a ring of fire (left hand)
Talismans
 e - a maw talisman
Scrolls
 f - a scroll of enchant armour {unknown}
Potions
 c - 2 potions of ambrosia


   Skills:
 + Level 4.1 Fighting
 + Level 4.5 Long Blades
 + Level 3.7 Dodging


You had 2 spell levels left.
You didn't know any spells.
Your spell library was empty.

Dungeon Overview and Level Annotations

Branches:
Dungeon (2/15)

Altars:


Innate Abilities, Weirdness & Mutations

You have a pair of horns on your head.
You reflexively headbutt those who attack you in melee.


Message History

You kill the gnoll!
The gnoll barely misses you.
The ball python bites you but does no damage.
The ball python barely misses you.
You have reached level 3!
Your experience leads to an increase in your attributes!
Increase (S)trength, (I)ntelligence, or (D)exterity?
You feel stronger. x2
You hit the ball python but do no damage.
The gnoll closely misses you.
The ball python bites you but does no damage.
The ball python grabs you. The ball python constricts you.
You hit the ball python.
You kill the ball python!
The gnoll closely misses you.
You closely miss the frilled lizard.
Your headbutt misses the frilled lizard.
The frilled lizard closely misses you. You furiously retaliate!
You headbutt the frilled lizard.
You kill the frilled lizard!
The gnoll barely misses you.
You barely miss the gnoll. The gnoll hits you with a +0 flail!
* * * LOW HITPOINT WARNING * * *
The gnoll barely misses you. x3; You furiously retaliate!
You headbutt the gnoll! You barely miss the gnoll.
The gnoll is almost dead.
The gnoll closely misses you. The gnoll completely misses you.
You completely miss the gnoll.
The gnoll is almost dead.
The gnoll misses you. The gnoll barely misses you.
You hit the gnoll.
You kill the gnoll!
The gnoll closely misses you. The gnoll misses you.
There is an open door here.
Items here: )) ††.
The gnoll barely misses you. The gnoll hits you with a +0 halberd!
You die...

######...#####.
#............
#.......#####
#.......# #.......#
#.......#
#.......#### ###
#.......##..####..+
####.#####...@....#
#.# #..g.....# #.#
#..#)##..# #.#
####..# ##
#.#######8..#
#.##.......##
#..'.......#
#########8..# ##..#


You could see a gnoll.

Vanquished Creatures
  An adder (D:2)
  2 gnolls (D:2)
  A ribbon worm (D:2)
  3 ball pythons
  A goblin (D:1)
  2 hobgoblins
  A frilled lizard (D:2)
  A kobold (D:1)
12 creatures vanquished.

Notes
Turn   | Place    | Note
-------+----------+-------------------------------------------
     0 | D:1      | qwertyuiopasd the Minotaur Monk began the quest for the
                  | Orb.
     0 | D:1      | Reached XP level 1. HP: 19/19 MP: 0/0
    74 | D:2      | Reached XP level 2. HP: 13/27 MP: 1/1
   499 | D:2      | Reached XP level 3. HP: 16/33 MP: 2/2
   508 | D:2      | Slain by a gnoll

Illustrated notes

Levels and vault maps discovered:
D:1:      eino_arrival_water_cross, layout_basic,
          hellmonk_ecumenical_altar_run_dry
D:2:      minmay_chambers_of_twos, layout_basic, minmay_tiny_reverse_x

Skill      XL: |  1  2 |
---------------+-------+-----
Long Blades    | 4 |  4.5
Fighting       | 4 |  4.1
Dodging        | |  3.7

Action                     || total
---------------------------++-------
  Melee: Falchion          ||    28
         Headbutt          ||     5
 Armour: Robe              ||    18
  Dodge: Dodged            ||    31
